Map: Cradle of Death

Players

Redsky

  • Race: Protoss Protoss
  • League: Platinum
  • Spawn Location: 0:00

HahaTTpro

  • Race: Zerg Zerg
  • Spawn Location: 0:00

VOD

Have the link to the VOD?

Description

Time

  • Played on: July 7, 2023, 11:08 p.m.
  • Length: 5:24
Show
View Real Time Build Order
Export as new Build Order

Redsky Protoss 

Build Orders:  

Get SALT Encoding   

  12  0:03  Probe (Chrono Boost)  
  13  0:11  Unknown  
  13  0:16  Probe (Chrono Boost)  
  14  0:34  Pylon  
  7  1:00  Pylon, Probe (Chrono Boost)  
  14  1:04  Pylon  
  15  1:13  Probe (Chrono Boost)  
  15  1:19  Gateway  
  16  1:34  Gateway  
  16  1:38  Probe (Chrono Boost)  
  17  1:51  Probe (Chrono Boost)  
  17  1:55  Assimilator  
  18  2:05  Probe (Chrono Boost)  
  19  2:19  Probe (Chrono Boost)  
  20  2:33  Probe (Chrono Boost)  
  20  2:37  Cybernetics Core  
  21  2:41  Pylon  
  21  2:50  Zealot  
  23  3:06  Pylon  
  23  3:12  Zealot x2  
  27  3:39  Twilight Council  
  27  3:55  Zealot  
  27  3:56  Zealot  
  27  3:57  Dragoon  
  33  4:35  Zealot x2  
  32  4:50  Probe (Chrono Boost)  
  32  4:55  Zealot  
  32  4:57  Zealot  
  33  5:03  Probe (Chrono Boost)  
Show
View Real Time Build Order
Export as new Build Order

HahaTTpro Zerg 

Build Orders:  

Get SALT Encoding   

  12  0:06  Drone  
  13  0:13  Unknown  
  13  0:46  Drone  
  14  1:04  Overlord x2  
  14  1:05  Overlord x2  
  14  1:52  Drone x4  
  14  1:58  Spawning Pool  
  17  2:01  Extractor  
  16  2:25  Drone x2  
  18  2:34  Drone  
  18  2:36  Queen  
  21  2:48  Drone  
  22  2:52  Extractor  
  21  3:03  Drone  
  22  3:26  Queen  
  24  3:40  Drone x2  
  26  3:51  Evolution Chamber  
  26  3:57  Drone  
  26  4:55  Zergling x8  
Tags
 
Add a new tag
Caveats
  • Supply blocks, unpowered buildings, or Contaminate may cause inaccurate times.
  • Supply counts are checked every 10 seconds.